 Dungeon Crawl Stone Soup version 0.26.0-10-g1f06aea511 (webtiles) character file.

Game seed: 16882995145019052258

211 wakim the Insei (level 5, -3/39 HPs)
             Began as a Merfolk Transmuter on Jan 21, 2021.
             Killed from afar by an orc wizard (4 damage)
             ... with a magic dart
             ... on level 3 of the Dungeon.
             The game lasted 00:12:21 (3276 turns).

wakim the Insei (Merfolk Transmuter)                Turns: 3276, Time: 00:12:22

Health: -3/39      AC:  9    Str:  9 (11) XL:     5   Next: 88%
Magic:  6/9        EV: 11    Int: 10 (13) God:
Gold:   176        SH:  0    Dex: 12 (14) Spells: 6/9 levels left

rFire    + . .     SeeInvis .   o - +1 short sword (speed)
rCold    . . .     Faith    .   (no shield)
rNeg     . . .     Spirit   .   e - +3 ring mail {rF+}
rPois    .         Reflect  .   (helmet currently unavailable)
rElec    .         Harm     .   n - +0 cloak
rCorr    .         Rampage  .   (no gloves)
Will     .....                  (boots currently unavailable)
Stlth    +.........             m - amulet of the acrobat
HPRegen  0.13/turn              (no ring)
MPRegen  0.11/turn              (no ring)

@: appendages, wereblooded
A: change form in water, swift swim, stealthy swim, horns 2
a: End Transformation


You were on level 3 of the Dungeon.
You had grown temporary horns.
You visited 1 branch of the dungeon, and saw 4 of its levels.

You collected 176 gold pieces.

Inventory:

Hand Weapons
 o - a +1 short sword of speed (weapon)
Armour
 a - a +0 robe
 e - a +3 ring mail of fire resistance (worn)
 n - a +0 cloak (worn)
Jewellery
 m - an amulet of the acrobat (around neck)
Scrolls
 c - 3 scrolls of identify
 d - a scroll of magic mapping
 g - a scroll of immolation
 j - 3 scrolls of teleportation
 k - a scroll of remove curse
Potions
 f - 3 potions of flight


   Skills:
 + Level 2.3 Fighting
 + Level 3.6 Dodging
 * Level 4.7 Unarmed Combat
 + Level 2.7 Spellcasting
 * Level 4.7 Transmutations


You had 6 spell levels left.
You knew the following spells:

 Your Spells              Type           Power        Failure   Level
a - Beastly Appendage     Tmut           20%          12%         1
b - Wereblood             Tmut           10%          17%         2

Your spell library contained the following spells:

 Spells                   Type           Power        Failure   Level
 Spider Form              Tmut/Pois      3%           67%         3
 Ice Form                 Ice/Tmut       6%           97%         4
 Blade Hands              Tmut           5%           97%         5


Dungeon Overview and Level Annotations

Branches:
Dungeon (4/15)
 Temple: D:4-7

Altars:
Fedhas
Ru

Annotations:
D:3 2 runed translucent doors, dscm's ghost, amateur DsGl


Innate Abilities, Weirdness & Mutations

You revert to your normal form in water.
You are very nimble and swift while swimming.
You are very stealthy in the water. (Stealth+)
You have a pair of horns on your head.


Message History

The orc priest hits you but does no damage.
The orc misses you.
You hit the orc priest. Your headbutt misses the orc priest.
The orc priest is heavily wounded.
The orc wizard mumbles some strange words.
The orc wizard blinks!
The orc priest barely misses you.
The orc priest hits you but does no damage.
You hit the orc priest.
The orc priest is almost dead.
The orc hits you with a +0 antimagic hand axe.
* * * LOW HITPOINT WARNING * * *
The orc priest hits you but does no damage.
You hit the orc priest.
You kill the orc priest!
The orc barely misses you.
You barely miss the orc wizard.
The orc priest hits you but does no damage.
The orc wizard gestures at you while chanting.
The magic dart hits you.
You die...

#.# #.# ###.####rSw# #.#
#.# #......#WSB# #.#
####.###.#.#####+####
#.####.....##.#.# #.!.....
#......###.##.#[###...####
###....# #...........##
#.##.###.##....)...#
#.##..oo.##.#.....##
#.#####@###.#.###.# #.#
#o# #.#.# #.# #.# #.#
#.#.# #.# #.# #.# #.#.#
#.##### #.# #.# #.#.#
#.....# #.#####.###.#.#
#####.#
#.............#######.##
#######..........#......
#####.####.#.###.#


You could see an orc priest, an orc wizard and an orc.

Vanquished Creatures
  2 orc priests (D:3)
  Terence (D:2)
  An orc wizard (D:3)
  3 gnolls (D:3)
  3 adders (D:3)
  A worm (D:3)
  A leopard gecko (D:3)
  4 orcs
  5 bats
  2 giant cockroaches (D:3)
  8 goblins
  8 hobgoblins
  2 frilled lizards
  3 kobolds
  4 rats
48 creatures vanquished.

Notes
Turn   | Place    | Note
-------+----------+-------------------------------------------
     0 | D:1      | wakim the Merfolk Transmuter began the quest for the Orb.
     0 | D:1      | Reached XP level 1. HP: 15/15 MP: 3/3
   227 | D:1      | Reached XP level 2. HP: 1/21 MP: 3/5
  1544 | D:2      | Learned a level 2 spell: Wereblood
  1580 | D:3      | Reached XP level 3. HP: 26/26 MP: 6/6
  1586 | D:3      | Noticed Terence
  1603 | D:2      | Killed Terence
  1604 | D:2      | Reached XP level 4. HP: 6/33 MP: 5/7
  2043 | D:3      | Found a runed translucent door.
  2044 | D:3      | Noticed dscm's ghost (amateur DsGl)
  2215 | D:3      | Found a runed translucent door.
  2276 | D:3      | Found a sacrificial altar of Ru.
  2316 | D:3      | Reached XP level 5. HP: 31/38 MP: 8/8
  2512 | D:3      | Found a blossoming altar of Fedhas.
  3228 | D:4      | Noticed an ogre
  3270 | D:3      | HP: 1/38 [orc priest/nerve-wracking pain (4)]
  3276 | D:3      | Killed from afar by an orc wizard

Illustrated notes

Levels and vault maps discovered:
D:1:      minmay_arrival_nine_rooms, layout_basic, st_stairs_7, feat_on_display
D:2:      layout_rooms
D:3:      layout_loops_ring, nicolae_ru_great_annihilating_truth,
          ebering_ghost_sewer_f, fedhas_altar_4, uniq_terence
D:4:      layout_cave_pods, elyvilon_altar_4, serial_shops, shop, uniq_grinder,
          uniq_natasha, uniq_robin

Skill      XL: |  1  2  3  4 |
---------------+-------------+-----
Transmutations | 3 4 |  4.7
Dodging        | 3 |  3.6
Unarmed Combat | 4 |  4.7
Fighting       | 2 |  2.3
Spellcasting   | |  2.7

Action                   |  1- 3 |  4- 6 || total
-------------------------+-------+-------++-------
Melee: Unarmed           |    89 |    38 ||   127
       Headbutt          |    11 |    14 ||    25
       Punch             |     2 |     1 ||     3
       Short sword       |       |    85 ||    85
 Cast: Beastly Appendage |    13 |    15 ||    28
       Wereblood         |     1 |     1 ||     2
  Use: Scroll            |       |     7 ||     7
       Potion            |       |     4 ||     4
 Stab: Invisible         |       |     1 ||     1
Armor: Robe              |    12 |       ||    12
       Ring mail         |    21 |    38 ||    59
Dodge: Dodged            |    66 |    52 ||   118
